 Dungeon Crawl Stone Soup version 0.16-a0-4123-g49b462e (webtiles) character file.

361 Chiseanne the Ducker (level 6, -3/41 HPs)
             Began as a Demonspawn Venom Mage on Mar 2, 2015.
             Slain by Chiseanne's ghost (4 damage)
             ... while paralysed by Chiseanne's ghost
             ... on level 4 of the Dungeon.
             The game lasted 00:16:25 (5476 turns).

Chiseanne the Ducker (Demonspawn Venom Mage)        Turns: 5476, Time: 00:16:25

Health: -3/41      AC:  5    Str: 14    XL:     6   Next: 38%
Magic:  9/11       EV:  2    Int: 18    God:
Gold:   263        SH:  0    Dex: 13    Spells: 3 memorised, 4 levels left

rFire  + . .     SeeInvis .     s - +3 dagger (freeze)
rCold  + . .     Clarity  .     e - +0 robe
rNeg   . . .     SustAb   .     (no shield)
rPois  +         Gourm    .     (helmet restricted)
rElec  +         Spirit   .     h - +0 cloak
rCorr  +         Warding  .     k - +0 pair of gloves
rMut   .         Stasis   .     (no boots)
MR     .....                    (no amulet)
Stlth  +++.......               (no ring)
                                (no ring)

@: paralysed, mighty, short of breath, resistant, very slightly contaminated,
invisible, not resistant to hostile enchantments, fairly stealthy
A: horns 1, molten scales 1, breathe flames 1, mutation resistance 1,
nightstalker 1, powered by death 1
a: Breathe Fire


You were on level 4 of the Dungeon.
You were very hungry.

You visited 1 branch of the dungeon, and saw 4 of its levels.

You collected 263 gold pieces.

Inventory:

Hand weapons
 a - a +2 dagger of venom
 s - a +3 dagger of freezing (weapon)
Missiles
 q - 4 javelins (quivered)
 u - 26 poisoned needles
Armour
 e - a +0 robe (worn)
 h - a +0 cloak (worn)
 k - a +0 pair of gloves (worn)
Scrolls
 j - 3 scrolls of remove curse
 v - a scroll of amnesia
 w - a scroll of fear
Potions
 i - a potion of magic
 l - a potion of brilliance
Books
 b - a Young Poisoner's Handbook

   Spells                             Type                      Level
   a - Sting                          Conjuration/Poison           1
   b - Cure Poison                    Poison                       2
   c - Mephitic Cloud                 Conjuration/Poison/Air       3
   d - Olgreb's Toxic Radiance        Poison                       4
   e - Venom Bolt                     Conjuration/Poison           5
Comestibles
 c - 2 bread rations
 d - 2 meat rations
 p - a beef jerky


   Skills:
 * Level 1.6 Short Blades
 * Level 4.7 Dodging
 * Level 2.7 Stealth
 - Level 2.8 Spellcasting
 - Level 1.8 Conjurations
 - Level 4.0 Poison Magic


You had 4 spell levels left.
You knew the following spells:

 Your Spells              Type           Power        Failure   Level  Hunger
a - Sting                 Conj/Pois      ##..         6%          1    None
b - Cure Poison           Pois           ###.......   6%          2    ##.....
c - Mephitic Cloud        Conj/Pois/Air  #.......     24%         3    ###....


Dungeon Overview and Level Annotations

Branches:
Dungeon (4/15)
 Temple: D:4-7

Altars:
Qazlal
Yredelemnul

Annotations:
D:4 Chiseanne's ghost, average SpWz; Eustachio


Innate Abilities, Weirdness & Mutations

You have a pair of small horns on your head.
You are partially covered in molten scales (AC +1).
You are slightly more attuned to the shadows.
You can steal the life force of nearby defeated enemies.
You can breathe flames.
You are somewhat resistant to further mutation.


Message History

Casting: Sting
Confirm with . or Enter, or press ? or * to list all spells.
You are no longer poisoned.
Chiseanne's ghost barely misses you.
The gnoll sergeant hits you from afar with a spear.
* * * LOW HITPOINT WARNING * * *
Chiseanne's ghost hits you.
* * * LOW HITPOINT WARNING * * *
The gnoll sergeant closely misses you.
Chiseanne's ghost gestures at you while chanting.
The ball explodes into a vile cloud!
The stinking cloud engulfs you! Chiseanne's ghost closely misses you.
Chiseanne's ghost hits you.
* * * LOW HITPOINT WARNING * * *
You suddenly lose the ability to move!
Chiseanne's ghost hits you but does no damage.
The gnoll sergeant hits you from afar with a spear.
* * * LOW HITPOINT WARNING * * *
Chiseanne's ghost hits you.
You die...

...................# #.#..#.
#####.######.......########.#(.#.
...(.....................##.#..#.
################.#.#####.##.#..#.
#.#.# #..#.#..#. #.#.# ##.#.#..#.
#.#.# #...#..#. #.#.# #<..#..##
#@#.# #...#..#. #W#.# #...#....
####### #g#[# #...#.###
......##########.#.# #...#.#..
.....g..)ggg.g.g.#.# #...#.#..
......############.######.#.#.###
≈≈.≈≈≈≈....# #........#.....)
#≈.≈##≈....# ##########..####
##g###≈....################..## #


You could see a gnoll sergeant, Chiseanne's ghost and a gnoll (wandering).

Vanquished Creatures
  A scorpion (D:3)
  A centaur skeleton (D:4)
  An orc wizard (D:3)
  2 worker ants (D:4)
  7 adders
  A gnoll (D:4)
  A river rat (D:4)
  A giant mite (D:1)
  2 worms
  A giant gecko (D:2)
  6 orcs (D:3)
  2 ball pythons
  8 giant cockroaches
  2 gnoll zombies (D:4)
  9 goblins
  12 hobgoblins
  12 jackals
  13 kobolds
  5 quokkas
  10 bats
  4 giant newts
  8 rats
109 creatures vanquished.

Vanquished Creatures (others)
  A gnoll (D:4)
1 creature vanquished.

Grand Total: 110 creatures vanquished

Notes
Turn   | Place    | Note
--------------------------------------------------------------
     0 | D:1      | Chiseanne, the Demonspawn Venom Mage, began the quest for the Orb.
     0 | D:1      | Reached XP level 1. HP: 13/13 MP: 3/3
   493 | D:1      | Gained mutation: You are partially covered in molten scales (AC +1). [demonic ancestry]
   493 | D:1      | Reached XP level 2. HP: 5/19 MP: 0/4
   872 | D:1      | Reached skill level 1 in Conjurations
  1119 | D:1      | Gained mutation: You are slightly more attuned to the shadows. [demonic ancestry]
  1119 | D:1      | Reached XP level 3. HP: 17/24 MP: 1/6
  2488 | D:2      | Gained mutation: You can breathe flames. [potion of beneficial mutation]
  2624 | D:2      | Gained mutation: You have a pair of small horns on your head. [demonic ancestry]
  2624 | D:2      | Reached XP level 4. HP: 30/30 MP: 4/8
  2682 | D:2      | Learned a level 2 spell: Cure Poison
  2686 | D:2      | Learned a level 3 spell: Mephitic Cloud
  3278 | D:3      | Found a stormy altar of Qazlal.
  3706 | D:3      | Gained mutation: You can steal the life force of nearby defeated enemies. [demonic ancestry]
  3706 | D:3      | Reached XP level 5. HP: 8/35 MP: 3/10
  4112 | D:3      | Reached skill level 1 in Short Blades
  4179 | D:4      | Noticed Eustachio
  4180 | D:4      | Noticed a phantom
  4491 | D:4      | Reached XP level 6. HP: 39/41 MP: 11/11
  4592 | D:4      | Noticed Chiseanne's ghost (average SpWz)
  4755 | D:4      | Found a basalt altar of Yredelemnul.
  5447 | D:4      | Gained mutation: You are somewhat resistant to further mutation. [potion of beneficial mutation]
  5474 | D:4      | HP: 2/41 [Chiseanne's ghost (4)]
  5474 | D:4      | Paralysed by Chiseanne's ghost for 3 turns
  5476 | D:4      | Slain by Chiseanne's ghost

Action                   |  1- 3 |  4- 6 || total
-------------------------+-------+-------++-------
Melee: Whip              |    25 |       ||    25
       Dagger            |    23 |   233 ||   256
Throw: Javelin           |       |     4 ||     4
 Cast: Sting             |    68 |    48 ||   116
       Cure Poison       |       |     2 ||     2
 Abil: Breathe Fire      |       |     2 ||     2
  Use: Scroll            |     6 |     4 ||    10
       Potion            |     1 |     8 ||     9
 Stab: Sleeping          |     2 |     5 ||     7
  Eat: Chunk             |     3 |    10 ||    13
       Pizza             |     1 |       ||     1
